 Dungeon Crawl Stone Soup version 0.31-a0-214-gb37851dbb3 (webtiles) character file.

Game seed: 16139640141971843233

90 innerfire43 the Trooper (level 4, -2/37 HPs)
             Began as a Demonspawn Monk on July 1, 2023.
             Succumbed to a gnoll sergeant's poison
             ... on level 3 of the Dungeon.
             The game lasted 00:02:08 (2051 turns).

innerfire43 the Trooper (Demonspawn Monk)           Turns: 2051, Time: 00:02:09

Health: -2/37      AC:  3    Str: 11    XL:     4   Next: 32%
Magic:  4/4        EV: 13    Int: 12    God:
Gold:   38         SH:  0    Dex: 15    Spells: 3/3 levels left

rFire   . . .        p - +1 dagger (speed)
rCold   . . .        d - orb {light}
rNeg    . . .        b - +1 robe
rPois   +            (no helmet)
rElec   .            (no cloak)
rCorr   .            (no gloves)
SInv    .            (no boots)
Will    +....        (no amulet)
Stlth   +            (no ring)
HPRegen 0.26/turn    (no ring)
MPRegen 0.09/turn

%: no passive effects
@: lethally poisoned (-2 -> -13), attractive, enlightened, flying, glowing,
invisible (but backlit and visible)
A: weakness stinger 1, poison resistance, weak 1, MP-powered wands
a: no special abilities


You were on level 3 of the Dungeon.
You visited 1 branch of the dungeon, and saw 3 of its levels.

You collected 38 gold pieces.

Inventory:

Hand Weapons
 a - a +0 hand axe
 p - a +1 dagger of speed (weapon)
Missiles
 n - a throwing net
Armour
 b - a +1 robe (worn)
 d - an orb of light (worn)
Scrolls
 g - 2 scrolls of enchant armour
 i - a scroll of noise
 j - 2 scrolls of summoning {unknown}
 k - a scroll of identify
 l - a scroll of vulnerability
 m - a scroll of amnesia
Potions
 f - a potion of attraction
 h - a potion of invisibility
 o - a potion of degeneration {unknown}


   Skills:
 + Level 3.8 Fighting
 * Level 0.9 Short Blades
 - Level 3.3 Axes
 + Level 3.4 Dodging


You had 3 spell levels left.
You didn't know any spells.
Your spell library contained the following spells:

 Spells                   Type           Power      Damage    Failure   Level
 Scorch                   Fire           0%         2d5       45%         2
 Flame Wave               Conj/Fire      0%         2d4       97%         4
 Summon Cactus Giant      Summ           0%         N/A       100%        6


Dungeon Overview and Level Annotations

Branches:
Dungeon (3/15)

Altars:
Sif Muna


Innate Abilities, Weirdness & Mutations

You have a small tail.
Your system is resistant to poisons. (rPois)
You are weak. (Str -2)
You expend magic power (3 MP) to strengthen your wands.


Message History

The gnoll sergeant shouts!
The gnoll shouts!
A gnoll comes into view. It is wielding a +0 flail.
A gnoll comes into view. It is wielding a +0 whip.
The gnoll shouts! x2; You hear a shout!
A hobgoblin comes into view.
There are monsters nearby!
A gnoll comes into view. It is wielding a +0 flail.
The gnoll sergeant hits you with a +2 trident of venom!
You are lethally poisoned!
There is a lethal amount of poison in your body!
The gnoll shouts!
You hit the gnoll sergeant but do no damage.
You feel very sick.
You are too injured to fight recklessly!
You are too injured to fight recklessly!
It was a potion of attraction.
You feel attractive to monsters.
* * * LOW HITPOINT WARNING * * *
You feel very sick. The gnoll sergeant misses you.
The gnoll is attracted toward you. The hobgoblin is attracted toward you.
It was a potion of enlightenment.
You feel very buoyant.
You fly up into the air.
* * * LOW HITPOINT WARNING * * *
You feel very sick.
The gnoll sergeant completely misses you.
The gnoll is attracted toward you. The hobgoblin is attracted toward you.
The gnoll is attracted toward you. x2
It was a potion of mutation.
You feel extremely strange.
You feel resistant to poisons.
You feel weaker.
You feel your magical essence link to the dungeon's wands.
* * * LOW HITPOINT WARNING * * *
You feel very sick. The gnoll hits you with a +0 whip.
* * * LOW HITPOINT WARNING * * *
The gnoll sergeant barely misses you. The gnoll is attracted toward you. x3
It was a potion of invisibility.
You become transparent, but the glow from your halo prevents you from becoming completely invisible.
You die...

### ..# #.#
##>#####.##
.......<..#
##.#####..###
#.#####....#
#.....g@##.#
#####ggg.....#
#g#.......#
§g.§.##.#..#
..#.#.. .#..#
...?# #.# #
... #.# .. #..


You could see a gnoll sergeant, 4 gnolls and a hobgoblin.

Vanquished Creatures
  Terence (D:2)
  A worm (D:2)
  2 dart slugs
  4 endoplasms (D:1)
  4 goblins
  4 hobgoblins (D:2)
  16 jackals
  4 quokkas
  3 ball pythons
  3 bats
  4 frilled lizards (D:1)
  3 kobolds (D:1)
49 creatures vanquished.

Notes
Turn   | Place    | Note
-------+----------+-------------------------------------------
     0 | D:1      | innerfire43 the Demonspawn Monk began the quest for the
                  | Orb.
     0 | D:1      | Reached XP level 1. HP: 18/18 MP: 1/1
   117 | D:1      | Gained mutation: You have a small tail. [demonic ancestry]
   117 | D:1      | Reached XP level 2. HP: 19/24 MP: 2/2
   563 | D:1      | Reached XP level 3. HP: 26/29 MP: 3/3
  1535 | D:2      | Found a shimmering blue altar of Sif Muna.
  1722 | D:2      | Noticed Terence
  1752 | D:2      | Killed Terence
  1753 | D:2      | Reached XP level 4. HP: 24/37 MP: 4/4
  2044 | D:3      | Noticed a gnoll sergeant
  2050 | D:3      | Gained mutation: Your system is resistant to poisons.
                  | (rPois) [potion of mutation]
  2050 | D:3      | Gained mutation: You are weak. (Str -2) [potion of
                  | mutation]
  2050 | D:3      | Gained mutation: You expend magic power (3 MP) to
                  | strengthen your wands. [potion of mutation]
  2050 | D:3      | HP: 1/37 [gnoll/+0 whip[a gnoll sergeant] (3)]
  2051 | D:3      | Succumbed to a gnoll sergeant's poison

Illustrated notes

Levels and vault maps discovered:
D:1:      scummos_arrival_gate, layout_basic
D:2:      layout_basic, basic_altar, uniq_terence
D:3:      layout_loops_cross

Skill      XL: |  1  2 |
---------------+-------+-----
Axes           | 3 |  3.3
Dodging        | 3 |  3.4
Fighting       | |  3.8
Short Blades   | |  0.9

Action                     |  1- 3 |  4- 6 || total
---------------------------+-------+-------++-------
  Melee: Hand axe          |   114 |       ||   114
         Tailslap          |    26 |     1 ||    27
         Dagger            |    28 |     9 ||    37
    Use: Scroll            |     7 |       ||     7
         Potion            |     1 |     4 ||     5
 Armour: Robe              |    30 |     1 ||    31
  Dodge: Dodged            |   109 |     6 ||   115

Table legend: (Time is in decaauts)
 A = Elapsed time spent in this place.
 B = Non-inter-level travel time spent in this place.
 C = Inter-level travel time spent in this place.
 D = Time resting spent in this place.
 E = Time spent auto-exploring this place.
 F = Levels seen in this place.
 G = Mean time per level.
                   A        B        C        D        E       F      G
               +--------+--------+--------+--------+--------+-----+--------+
         Total |   2054 |   1869 |    185 |      0 |   1534 |   3 |  684.7 |
       Dungeon |   2054 |   1869 |    185 |      0 |   1534 |   3 |  684.7 |
               +--------+--------+--------+--------+--------+-----+--------+

Top non-repeatable levels by time:
     D:1: 1347 daAuts
     D:2: 698 daAuts
     D:3: 8 daAuts
